 Dungeon Crawl Stone Soup version 0.20-a0-38-g7d30548 (webtiles) character file.

0 Faca the Skirmisher (level 1, -1/19 HPs)
             Began as a Minotaur Abyssal Knight on Nov 11, 2016.
             Was a Follower of Lugonu.
             Slain by a starcursed mass (12 damage)
             ... on level 1 of the Abyss.
             The game lasted 00:02:31 (145 turns).

Faca the Skirmisher (Minotaur Abyssal Knight)        Turns: 145, Time: 00:02:31

Health: -1/19      AC:  3    Str: 16    XL:     1   Next: 0%
Magic:  1/1        EV: 11    Int:  9    God:    Lugonu [*.....]
Gold:   0          SH:  0    Dex:  9    Spells: 0 memorised, 0 levels left

rFire  . . .     SeeInvis .     d - -1 dagger (curse)
rCold  . . .     Gourm    .     b - +0 leather armour
rNeg   . . .     Faith    .     (no shield)
rPois  .         Spirit   .     (helmet restricted)
rElec  .         Reflect  .     (no cloak)
rCorr  .         Harm     .     (no gloves)
MR     .....                    (no boots)
Stlth  ..........               (no amulet)
                                (no ring)
                                (no ring)

@: confused
A: retaliatory headbutt, horns 2
a: Depart the Abyss, Renounce Religion


You were on level 1 of the Abyss.
You worshipped Lugonu.
Lugonu was aware of your devotion.
You were not hungry.

You visited 0 branches of the dungeon, and saw 0 of its levels.
You visited the Abyss 1 time.

Inventory:

Hand Weapons
 a - a +2 falchion
 d - a cursed -1 dagger (weapon)
Armour
 b - a +0 leather armour (worn)
Potions
 e - a potion of curing
Comestibles
 c - a bread ration


   Skills:
 + Level 3.6 Fighting
 + Level 2.4 Long Blades
 + Level 2.4 Armour
 + Level 1.1 Dodging
 + Level 1.7 Invocations


You couldn't memorise any spells.
You didn't know any spells.

Dungeon Overview and Level Annotations

Branches:
Dungeon (0/15)

Altars:


Innate Abilities, Weirdness & Mutations

You reflexively headbutt those who attack you in melee.
You have a pair of horns on your head.


Message History

A starcursed mass splits.
A golden eye and a smoke demon come into view.
The golden eye turns its gaze towards you.
The smoke demon roars!
The golden eye blinks!
The smoke demon moves out of view.
Found a scroll labeled EQASOEW UKEGI.
The golden eye blinks at you.
You are confused.
You bump into the rock wall.
The golden eye blinks at you.
You are more confused.
The golden eye turns its gaze towards you.
The starcursed mass closely misses you.
Found a gateway leading deeper into the Abyss.
You closely miss the golden eye. Your headbutt misses the golden eye.
The starcursed mass closely misses you. The golden eye blinks at you.
You easily resist.
The starcursed mass engulfs you!
Ouch! That really hurt!
You die...

#
...####..##.###..
#.#........ยง
#...
#...........#...
#..#..##..# ..#
.#.#..##..##3.##.
#................
#.#..............
. ##..##XX##..##.
# ..#. ##.@## .
.#......G........
##.....?........
.#..##..##..##.
#.. #..# ..# #..
.... ... #. ....
... ##.># ##.


You could see 2 starcursed masses, a smoke demon and a golden eye.

Vanquished Creatures (others)
  7 starspawn tentacles (Abyss:1)
7 creatures vanquished.

Notes
Turn   | Place    | Note
-------+----------+-------------------------------------------
     0 | Abyss:1  | Faca the Minotaur Abyssal Knight began the quest for the Orb.
     0 | Abyss:1  | Reached XP level 1. HP: 19/19 MP: 1/1
   113 | Abyss:1  | Noticed a tentacled starspawn
   115 | Abyss:1  | Noticed a starspawn tentacle
   115 | Abyss:1  | Noticed a starspawn tentacle
   115 | Abyss:1  | Killed a starspawn tentacle
   115 | Abyss:1  | Killed a starspawn tentacle
   119 | Abyss:1  | Noticed a starspawn tentacle
   119 | Abyss:1  | Noticed a starspawn tentacle
   119 | Abyss:1  | Killed a starspawn tentacle segment
   119 | Abyss:1  | Killed a starspawn tentacle segment
   119 | Abyss:1  | Killed a starspawn tentacle segment
   119 | Abyss:1  | Killed a starspawn tentacle segment
   119 | Abyss:1  | Killed a starspawn tentacle segment
   120 | Abyss:1  | Noticed a starspawn tentacle segment
   120 | Abyss:1  | Noticed a starspawn tentacle segment
   120 | Abyss:1  | Killed a starspawn tentacle segment
   120 | Abyss:1  | Killed a starspawn tentacle segment
   120 | Abyss:1  | Killed a starspawn tentacle segment
   120 | Abyss:1  | Killed a starspawn tentacle segment
   120 | Abyss:1  | Killed a starspawn tentacle segment
   121 | Abyss:1  | Noticed a starspawn tentacle segment
   121 | Abyss:1  | Killed a starspawn tentacle segment
   121 | Abyss:1  | Killed a starspawn tentacle segment
   121 | Abyss:1  | Killed a starspawn tentacle segment
   121 | Abyss:1  | Killed a starspawn tentacle
   121 | Abyss:1  | Killed a starspawn tentacle segment
   122 | Abyss:1  | Noticed a starspawn tentacle segment
   123 | Abyss:1  | Killed a starspawn tentacle segment
   123 | Abyss:1  | Killed a starspawn tentacle segment
   123 | Abyss:1  | Killed a starspawn tentacle segment
   123 | Abyss:1  | Killed a starspawn tentacle segment
   123 | Abyss:1  | Killed a starspawn tentacle segment
   124 | Abyss:1  | Noticed a starspawn tentacle segment
   124 | Abyss:1  | Noticed a starspawn tentacle segment
   124 | Abyss:1  | Killed a starspawn tentacle segment
   124 | Abyss:1  | Killed a starspawn tentacle segment
   125 | Abyss:1  | Noticed a starspawn tentacle segment
   125 | Abyss:1  | Noticed a starspawn tentacle
   125 | Abyss:1  | Killed a starspawn tentacle segment
   125 | Abyss:1  | Killed a starspawn tentacle segment
   125 | Abyss:1  | Killed a starspawn tentacle segment
   125 | Abyss:1  | Killed a starspawn tentacle segment
   126 | Abyss:1  | Noticed a starspawn tentacle segment
   126 | Abyss:1  | Noticed a starspawn tentacle segment
   126 | Abyss:1  | Killed a starspawn tentacle segment
   126 | Abyss:1  | Killed a starspawn tentacle segment
   126 | Abyss:1  | Killed a starspawn tentacle segment
   126 | Abyss:1  | Killed a starspawn tentacle segment
   126 | Abyss:1  | Killed a starspawn tentacle segment
   126 | Abyss:1  | Killed a starspawn tentacle segment
   126 | Abyss:1  | Killed a starspawn tentacle segment
   126 | Abyss:1  | Killed a starspawn tentacle segment
   126 | Abyss:1  | Killed a starspawn tentacle segment
   126 | Abyss:1  | Killed a starspawn tentacle segment
   126 | Abyss:1  | Killed a starspawn tentacle segment
   126 | Abyss:1  | Killed a starspawn tentacle segment
   126 | Abyss:1  | Killed a starspawn tentacle segment
   126 | Abyss:1  | Killed a starspawn tentacle segment
   127 | Abyss:1  | Noticed a starspawn tentacle segment
   127 | Abyss:1  | Noticed a starspawn tentacle segment
   127 | Abyss:1  | Noticed a starspawn tentacle segment
   127 | Abyss:1  | Noticed a starspawn tentacle segment
   127 | Abyss:1  | Killed a starspawn tentacle segment
   127 | Abyss:1  | Killed a starspawn tentacle segment
   127 | Abyss:1  | Killed a starspawn tentacle segment
   127 | Abyss:1  | Killed a starspawn tentacle segment
   127 | Abyss:1  | Killed a starspawn tentacle segment
   127 | Abyss:1  | Killed a starspawn tentacle segment
   127 | Abyss:1  | Killed a starspawn tentacle segment
   127 | Abyss:1  | Killed a starspawn tentacle segment
   127 | Abyss:1  | Killed a starspawn tentacle segment
   127 | Abyss:1  | Killed a starspawn tentacle segment
   127 | Abyss:1  | Killed a starspawn tentacle
   129 | Abyss:1  | Killed a starspawn tentacle
   137 | Abyss:1  | Noticed a starspawn tentacle
   137 | Abyss:1  | Noticed a starspawn tentacle
   137 | Abyss:1  | Killed a starspawn tentacle segment
   137 | Abyss:1  | Killed a starspawn tentacle segment
   137 | Abyss:1  | Killed a starspawn tentacle segment
   137 | Abyss:1  | Killed a starspawn tentacle segment
   137 | Abyss:1  | Killed a starspawn tentacle segment
   137 | Abyss:1  | Killed a starspawn tentacle segment
   137 | Abyss:1  | Killed a starspawn tentacle segment
   137 | Abyss:1  | Killed a starspawn tentacle segment
   138 | Abyss:1  | Noticed a starspawn tentacle segment
   138 | Abyss:1  | Noticed a starspawn tentacle segment
   138 | Abyss:1  | Noticed a starspawn tentacle segment
   138 | Abyss:1  | Noticed a starcursed mass
   138 | Abyss:1  | Killed a starspawn tentacle segment
   138 | Abyss:1  | Killed a starspawn tentacle segment
   138 | Abyss:1  | Killed a starspawn tentacle segment
   138 | Abyss:1  | Killed a starspawn tentacle segment
   138 | Abyss:1  | Killed a starspawn tentacle
   138 | Abyss:1  | Killed a starspawn tentacle segment
   138 | Abyss:1  | Killed a starspawn tentacle segment
   138 | Abyss:1  | Killed a starspawn tentacle segment
   138 | Abyss:1  | Killed a starspawn tentacle segment
   138 | Abyss:1  | Killed a starspawn tentacle segment
   138 | Abyss:1  | Killed a starspawn tentacle segment
   138 | Abyss:1  | Killed a starspawn tentacle segment
   138 | Abyss:1  | Killed a starspawn tentacle segment
   138 | Abyss:1  | Killed a starspawn tentacle segment
   138 | Abyss:1  | Killed a starspawn tentacle segment
   139 | Abyss:1  | Noticed a starspawn tentacle segment
   139 | Abyss:1  | Noticed a starspawn tentacle segment
   139 | Abyss:1  | Noticed a starspawn tentacle segment
   140 | Abyss:1  | Killed a starspawn tentacle segment
   140 | Abyss:1  | Killed a starspawn tentacle segment
   140 | Abyss:1  | Killed a starspawn tentacle segment
   140 | Abyss:1  | Killed a starspawn tentacle segment
   140 | Abyss:1  | Killed a starspawn tentacle segment
   140 | Abyss:1  | Killed a starspawn tentacle segment
   140 | Abyss:1  | Killed a starspawn tentacle segment
   140 | Abyss:1  | Killed a starspawn tentacle segment
   140 | Abyss:1  | Killed a starspawn tentacle segment
   140 | Abyss:1  | Killed a starspawn tentacle segment
   140 | Abyss:1  | Killed a starspawn tentacle segment
   140 | Abyss:1  | Killed a starspawn tentacle segment
   141 | Abyss:1  | Noticed a golden eye
   141 | Abyss:1  | Noticed a smoke demon
   141 | Abyss:1  | Killed a starspawn tentacle segment
   141 | Abyss:1  | Killed a starspawn tentacle segment
   141 | Abyss:1  | Killed a starspawn tentacle
   145 | Abyss:1  | Slain by a starcursed mass

Vault maps used:

Action                   || total
-------------------------++-------
Melee: Dagger            ||     2
  Use: Scroll            ||     1
       Potion            ||     1
Dodge: Dodged            ||     4
